 Dungeon Crawl Stone Soup version 0.29.1-15-g9cfb28693d (webtiles) character file.

Game seed: 1899538633979155430

2184 Artool the Trooper (level 9, -2/72 HPs)
             Began as a Demonspawn Fighter on Apr 6, 2023.
             Succumbed to a killer bee's poison
             ... on level 7 of the Dungeon.
             The game lasted 00:09:27 (5809 turns).

Artool the Trooper (Demonspawn Fighter)             Turns: 5809, Time: 00:09:28

Health: -2/72      AC: 11    Str: 19    XL:     9   Next: 11%
Magic:  9/9        EV:  9    Int: 12    God:
Gold:   247        SH:  9    Dex: 14    Spells: 8/8 levels left

rFire   . . .      SeeInvis .   a - +0 flail
rCold   . . .      Faith    .   c - +0 buckler
rNeg    . . .      Spirit   .   b - +0 scale mail
rPois   .          Reflect  .   (no helmet)
rElec   .          Harm     .   (no cloak)
rCorr   .          Rampage  .   (no gloves)
Will    .....                   (no boots)
Stlth   ..........              (no amulet)
HPRegen 0.22/turn               (no ring)
MPRegen 0.11/turn               (no ring)

@: lethally poisoned (-2 -> -11)
A: hooves 1, icemail 1, big brain 1, condensation shield
a: no special abilities


You were on level 7 of the Dungeon.
You visited 1 branch of the dungeon, and saw 7 of its levels.
You also visited: Sewer.

You collected 373 gold pieces.
You spent 126 gold pieces at shops.

Inventory:

Hand Weapons
 a - a +0 flail (weapon)
 k - a +0 whip
 l - a +2 dagger of electrocution
 H - the +8 sling "Neud" {freeze, rCorr}
   (You found it on level 6 of the Dungeon)

   Any ammunition fired from it freezes those it strikes, dealing additional
   cold damage.
   It can also slow down cold-blooded creatures.
   rCorr:     It protects you from acid and corrosion.
Missiles
 B - 11 poisoned darts (quivered)
 I - 12 stones
Armour
 b - a +0 scale mail (worn)
 c - a +0 buckler (worn)
 E - a +0 chain mail
Magical Staves
 F - a staff of fire
Jewellery
 u - a ring of resist corrosion
Wands
 v - a wand of polymorph (8)
 w - a wand of iceblast (9)
 C - a wand of flame (9)
Scrolls
 e - 9 scrolls of identify
 f - 3 scrolls of amnesia
 o - a scroll of poison {unknown}
 p - 3 scrolls of teleportation
 r - 4 scrolls of fear {unknown}
 s - 4 scrolls of enchant weapon {unknown}
 t - a scroll of noise {unknown}
 x - a scroll of magic mapping {unknown}
 y - a scroll of acquirement {unknown}
 D - a scroll of torment {unknown}
 G - a scroll of enchant armour {unknown}
Potions
 d - a potion of might
 g - 4 potions of curing {unknown}
 h - 2 potions of lignification {unknown}
 i - 2 potions of magic {unknown}
 j - 4 potions of heal wounds {unknown}
 m - a potion of resistance {unknown}
 n - 2 potions of attraction {unknown}
 q - 2 potions of haste
 z - a potion of ambrosia {unknown}
 A - a potion of degeneration {unknown}


   Skills:
 + Level 7.5 Fighting
 + Level 6.5 Maces & Flails
 + Level 6.9 Armour
 - Level 3.0 Shields


You had 8 spell levels left.
You didn't know any spells.
Your spell library contained the following spells:

 Spells                   Type           Power      Damage    Failure   Level
 Magic Dart               Conj           0%         1d3       75%         1
 Blink                    Tloc           0%         N/A       87%         2
 Searing Ray              Conj           0%         2d4       87%         2
 Conjure Flame            Conj/Fire      0%         6-21      98%         3
 Ignite Poison            Fire/Tmut/Pois 0%         N/A       98%         3
 Corpse Rot               Necr/Pois/Air  0%         N/A       100%        4
 Dispel Undead            Necr           0%         3d6       100%        4
 Fulminant Prism          Conj/Hex       0%         3d6       100%        4
 Sticky Flame             Conj/Fire      0%         2d3       100%        4
 Manifold Assault         Tloc           0%         N/A       100%        5
 Death Channel            Necr           0%         N/A       100%        6
 Storm Form               Tmut/Air       0%         N/A       100%        7


Dungeon Overview and Level Annotations

Branches:
Dungeon (7/15)              Sewer (visited)
 Temple: D:4-7

Altars:
Fedhas
Qazlal
Trog

Shops:
D:3 (   D:4 ?   D:6 =?

Annotations:
D:6 Grinder


Innate Abilities, Weirdness & Mutations

You have large cloven feet.
A meltable icy envelope protects you from harm. (AC +4)
You have an unusually large brain. (Int +2)
A meltable shield of frost defends you. (SH +4)


Message History

The killer bee stings you but does no damage.
The killer bee attacks as you move away!
The killer bee stings you.
* * * LOW HITPOINT WARNING * * *
The killer bee attacks as you move away!
The killer bee barely misses you.
* * * LOW HITPOINT WARNING * * *
You feel very sick. The killer bee closely misses you.
You block the killer bee's attack. The killer bee closely misses you.
There is an escape hatch in the floor here.
The killer bee attacks as you move away!
You block the killer bee's attack.
* * * LOW HITPOINT WARNING * * *
You feel very sick.
The killer bee stings you but does no damage.
You block the killer bee's attack.
Unknown command.
The killer bee attacks as you move away!
The killer bee stings you but does no damage.
* * * LOW HITPOINT WARNING * * *
You feel sick. The killer bee barely misses you.
You block the killer bee's attack.
Unknown command.
* * * LOW HITPOINT WARNING * * *
You feel sick.
The killer bee attacks as you move away!
You block the killer bee's attack.
* * * LOW HITPOINT WARNING * * *
You feel sick. You block the killer bee's attack.
The killer bee stings you but does no damage. x2
* * * LOW HITPOINT WARNING * * *
You feel sick. The killer bee stings you.
* * * LOW HITPOINT WARNING * * *
The killer bee attacks as you move away!
The killer bee stings you.
* * * LOW HITPOINT WARNING * * *
You are more poisoned.
The killer bee poisons you!
You die...

#.≈§ .. #.≈..
#.^ #.≈.#
#.##.≈.#
#....≈.# .
#...≈.. .§..
#..≈.#####.≈..
#..≈§@.....≈..
##..≈.y≈§≈§§≈..
#...yyy§......
#.....y#....##
######.#.####
#...####
########>....#
#............#
..#
#............##
##..###


You could see 5 killer bees.

Vanquished Creatures
  A cyclops (D:7)
  Eustachio (D:5)
  Menkaure (D:5)
  A water moccasin (Sewer)
  2 ice beasts
  2 ogres
  3 black bears
  A centaur (D:5)
  2 phantoms
  A kobold brigand (D:6)
  A scorpion (D:5)
  A bullfrog (D:6)
  3 hounds
  2 orc priests (D:3)
  A jelly (D:4)
  Terence (D:3)
  An orc wizard (D:3)
  5 adders
  2 white imps
  2 worms (D:2)
  5 dart slugs
  9 orcs
  2 ball pythons
  7 endoplasms
  4 giant cockroaches
  6 goblins
  3 hobgoblins
  3 jackals (D:2)
  15 kobolds
  6 quokkas
  8 bats
  A frilled lizard (D:1)
  6 rats
109 creatures vanquished.

Vanquished Creatures (others)
  A bush (D:4)
  11 plants (D:4)
12 creatures vanquished.

Grand Total: 121 creatures vanquished

Notes
Turn   | Place    | Note
-------+----------+-------------------------------------------
     0 | D:1      | Artool the Demonspawn Fighter began the quest for the Orb.
     0 | D:1      | Reached XP level 1. HP: 18/18 MP: 1/1
    99 | D:1      | Gained mutation: A meltable shield of frost defends you.
                  | (SH +4) [demonic ancestry]
    99 | D:1      | Reached XP level 2. HP: 21/24 MP: 2/2
   384 | D:1      | Found a faded altar of an unknown god.
   741 | D:2      | Gained mutation: You have large cloven feet. [demonic
                  | ancestry]
   741 | D:2      | Reached XP level 3. HP: 26/29 MP: 3/3
   977 | D:2      | Reached XP level 4. HP: 36/36 MP: 4/4
  1668 | D:3      | Noticed Terence
  1685 | D:3      | Killed Terence
  1686 | D:3      | Reached skill level 4 in Fighting
  1686 | D:3      | Reached XP level 5. HP: 24/42 MP: 5/5
  2066 | D:3      | Found Huarit's Antique Weapon Shop.
  2398 | D:4      | Noticed an ogre
  2413 | D:4      | Killed an ogre
  2414 | D:4      | Gained mutation: A meltable icy envelope protects you from
                  | harm. (AC +4) [demonic ancestry]
  2414 | D:4      | Reached XP level 6. HP: 47/49 MP: 6/6
  2554 | D:4      | Found a bloodstained altar of Trog.
  2564 | D:4      | Reached skill level 5 in Fighting
  2708 | D:4      | Reached XP level 7. HP: 56/56 MP: 7/7
  2854 | D:4      | Found a blossoming altar of Fedhas.
  2944 | D:4      | Found Teuc's Magic Scroll Emporium.
  2947 | D:4      | Bought a scroll of teleportation for 42 gold pieces
  2947 | D:4      | Bought a scroll of identify for 28 gold pieces
  2947 | D:4      | Bought a scroll of amnesia for 56 gold pieces
  2957 | D:5      | Entered Level 5 of the Dungeon
  3005 | D:5      | Found a stormy altar of Qazlal.
  3116 | D:5      | Reached skill level 5 in Armour
  3524 | D:5      | Reached skill level 6 in Fighting
  3524 | D:5      | Reached skill level 5 in Maces & Flails
  3561 | D:5      | Noticed Menkaure
  3565 | D:5      | Killed Menkaure
  3566 | D:5      | Gained mutation: You have an unusually large brain. (Int
                  | +2) [demonic ancestry]
  3566 | D:5      | Reached XP level 8. HP: 64/64 MP: 8/8
  3779 | D:5      | Noticed Eustachio
  3848 | D:5      | Killed Eustachio
  4715 | D:6      | Noticed Grinder
  4716 | D:6      | Found Koivukke's Magic Scroll Shoppe.
  4756 | D:6      | Found a glowing drain.
  4783 | Sewer    | Entered a sewer
  4899 | D:6      | Found Luzut's Jewellery Emporium.
  5022 | D:6      | Reached skill level 7 in Fighting
  5208 | D:6      | Identified the +8 sling "Neud" {freeze, rCorr}
  5459 | D:7      | Noticed a cyclops
  5465 | D:7      | Killed a cyclops
  5466 | D:7      | Reached XP level 9. HP: 23/72 MP: 9/9
  5809 | D:7      | HP: 1/72 [killer bee (3)]
  5809 | D:7      | Succumbed to a killer bee's poison

Illustrated notes

Levels and vault maps discovered:
D:1:      roderic_octagonal_star, layout_basic, basic_ecumenical_altar
D:2:      layout_rooms, serial_park_tiny_1, minmay_misc_feat_enclosed
D:3:      layout_basic, serial_shops, shop, minivault_11, uniq_terence
D:4:      layout_cave_pools, trog_ov_bears_minmay, fedhas_altar_decomposition,
          serial_shops, kennysheep_mini_moat
D:5:      layout_layer_cave, general_overflow_altar, uniq_eustachio,
          uniq_menkaure
D:6:      layout_basic, portal_sewer_entry_f, serial_shops,
          nicolae_take_the_stairs, enter_ossuary_1,
          minmay_shop_enchanted_jewellery, uniq_grinder
D:7:      layout_basic, lemuel_crystal_altar, amethyst_overflow_temple_binary,
          mainiacjoe_overflow_boulevard, mainiacjoe_overflow_brackets,
          minmay_temple_entry_slanted, nicolae_titane, uniq_crazy_yiuf_cottage

Skill      XL: |  1  2  3  4  5  6  7  8 |
---------------+-------------------------+-----
Maces & Flails | 2 3 4 5 6 |  6.5
Shields        | 3 |  3.0
Armour         | 3 4 5 6 |  6.9
Fighting       | 4 5 6 7 |  7.5

Action                   |  1- 3 |  4- 6 |  7- 9 || total
-------------------------+-------+-------+-------++-------
Melee: Flail             |    44 |       |    16 ||    60
       Dagger            |    40 |   117 |   191 ||   348
       Kick              |     8 |    38 |    56 ||   102
 Fire: Sling             |       |       |     4 ||     4
Armor: Scale mail        |    39 |    61 |   163 ||   263
Dodge: Dodged            |    36 |    49 |   129 ||   214
Block: Buckler           |    37 |    45 |   177 ||   259
